| TOP OF THE 1ST |
|
Medicine Hat Blue Jays batting - Pitching for Ogden Spikes : RHP Elias Guerrero
|
|
Pitching: RHP Elias Guerrero
|
|
|
Batting: LHB Kevin Bates
|
0-0: Ball 1-0: Ball 2-0: Ball 3-0: Base on Balls
|
|
Batting: RHB Burt Milley
|
0-0: Swinging Strike 0-1: Ball 1-1: Grounds into double play, 6-4-3 (Groundball, 6, EV 106.3 MPH)
|
|
Batting: LHB Jeffrey Wilson
|
0-0: Foul Ball, location: 2F 0-1: Called Strike 0-2: Ball 1-2: Ground out 5-3 (Groundball, 56, EV 103.1 MPH)
|
| Top of the 1st over - 0 runs, 0 hits, 0 errors, 0 left on base; Medicine Hat 0 - Ogden 0 |
| BOTTOM OF THE 1ST |
|
Ogden Spikes batting - Pitching for Medicine Hat Blue Jays : RHP Erol Akchurin
|
|
Pitching: RHP Erol Akchurin
|
|
|
Batting: RHB Jeffrey Smith
|
0-0: Swinging Strike 0-1: Foul Ball, location: 2F 0-2: Ball 1-2: Strikes out swinging
|
|
Batting: LHB Lenny Harris
|
0-0: Reached on error, E6 (Flyball, 6D, EV 87.5 MPH)
|
|
Batting: LHB Everett Graham
|
0-0: Ball 1-0: Fly out, F4 (Popup, 3D, EV 48.8 MPH)
|
|
Batting: RHB Jacob Brumfield
|
0-0: Ball 1-0: Ball 2-0: Foul Ball, location: 2F 2-1: Called Strike 2-2: Ball Lenny Harris steals 2nd base 3-2: Fly out, F8 (Flyball, 8RXD, EV 95.0 MPH)
|
| Bottom of the 1st over - 0 runs, 0 hits, 1 error, 1 left on base; Medicine Hat 0 - Ogden 0 |
| TOP OF THE 2ND |
|
Medicine Hat Blue Jays batting - Pitching for Ogden Spikes : RHP Elias Guerrero
|
|
Batting: LHB Tom Reynolds
|
0-0: Fly out, F6 (Popup, P, EV 90.6 MPH)
|
|
Batting: RHB Greg Legg
|
0-0: Ball 1-0: Foul Ball, location: 2F 1-1: Ball 2-1: Ground out U3 (Groundball, 3, EV 88.1 MPH)
|
|
Batting: LHB Alberto Chino
|
0-0: Ball 1-0: Ball 2-0: Ball 3-0: Called Strike 3-1: Called Strike 3-2: Foul Ball, location: 2F 3-2: Fly out, F8 (Flyball, 8LS, EV 91.9 MPH)
|
| Top of the 2nd over - 0 runs, 0 hits, 0 errors, 0 left on base; Medicine Hat 0 - Ogden 0 |
| BOTTOM OF THE 2ND |
|
Ogden Spikes batting - Pitching for Medicine Hat Blue Jays : RHP Erol Akchurin
|
|
Batting: LHB Dave Vetsch
|
0-0: SINGLE (Flyball, 9LS, EV 97.5 MPH)
|
|
Batting: LHB Marvin Parker
|
0-0: Ball Dave Vetsch is caught stealing 2nd base 2-6 1-0: Ball 2-0: Ball 3-0: Base on Balls
|
|
Batting: LHB Roberto Casasnovas
|
0-0: Called Strike 0-1: Ball 1-1: Fly out, F8 (Flyball, 8LD, EV 82.5 MPH)
|
|
Batting: SHB Mark Lemke
|
0-0: Ball 1-0: Ball 2-0: Swinging Strike 2-1: Foul Ball, location: 2F 2-2: SINGLE (Groundball, 4S, EV 65.6 MPH) (infield hit) Marvin Parker to second
|
|
Batting: RHB Terry Bell
|
0-0: Ball 1-0: Ground out 3-1 (Groundball, 34, EV 108.8 MPH)
|
| Bottom of the 2nd over - 0 runs, 2 hits, 0 errors, 2 left on base; Medicine Hat 0 - Ogden 0 |
| TOP OF THE 3RD |
|
Medicine Hat Blue Jays batting - Pitching for Ogden Spikes : RHP Elias Guerrero
|
|
Batting: RHB Terence Shoebridge
|
0-0: Ball 1-0: Swinging Strike 1-1: Foul Ball, location: 2F 1-2: Ground out 4-3 (Groundball, 34D, EV 110.0 MPH)
|
|
Batting: SHB Cordie Dillard
|
0-0: Ball 1-0: Ground out 6-3 (Groundball, 4MS, EV 88.8 MPH)
|
|
Batting: SHB Manuel DelRosario
|
0-0: Ball 1-0: Foul Ball, location: 2F 1-1: Ball 2-1: Foul Ball, location: 2F 2-2: Ball 3-2: Strikes out swinging
|
| Top of the 3rd over - 0 runs, 0 hits, 0 errors, 0 left on base; Medicine Hat 0 - Ogden 0 |
| BOTTOM OF THE 3RD |
|
Ogden Spikes batting - Pitching for Medicine Hat Blue Jays : RHP Erol Akchurin
|
|
Batting: RHB Jeffrey Smith
|
0-0: Ball 1-0: Called Strike 1-1: Foul Ball, location: 2F 1-2: Strikes out swinging
|
|
Batting: LHB Lenny Harris
|
0-0: Ground out 6-3 (Groundball, 6, EV 98.1 MPH)
|
|
Batting: LHB Everett Graham
|
0-0: Ball 1-0: Fly out, F4 (Popup, 4M, EV 75.6 MPH)
|
| Bottom of the 3rd over - 0 runs, 0 hits, 0 errors, 0 left on base; Medicine Hat 0 - Ogden 0 |
| TOP OF THE 4TH |
|
Medicine Hat Blue Jays batting - Pitching for Ogden Spikes : RHP Elias Guerrero
|
|
Batting: LHB Kevin Bates
|
0-0: Foul Ball, location: 2F 0-1: Ball 1-1: Foul Ball, location: 2F 1-2: Ground out 3-1 (Groundball, 34, EV 88.8 MPH)
|
|
Batting: RHB Burt Milley
|
0-0: Ball 1-0: Ball 2-0: Ground out 6-3 (Groundball, 6, EV 84.4 MPH)
|
|
Batting: LHB Jeffrey Wilson
|
0-0: Ball 1-0: Ball 2-0: Ball 3-0: Called Strike 3-1: Foul Ball, location: 2F 3-2: Foul Ball, location: 2F 3-2: Foul Ball, location: 2F 3-2: Ground out 6-3 (Groundball, 6S, EV 81.9 MPH)
|
| Top of the 4th over - 0 runs, 0 hits, 0 errors, 0 left on base; Medicine Hat 0 - Ogden 0 |
| BOTTOM OF THE 4TH |
|
Ogden Spikes batting - Pitching for Medicine Hat Blue Jays : RHP Erol Akchurin
|
|
Batting: RHB Jacob Brumfield
|
0-0: Ground out 6-3 (Groundball, 6M, EV 83.8 MPH)
|
|
Batting: LHB Dave Vetsch
|
0-0: Called Strike 0-1: Ball 1-1: Fly out, F6 (Popup, 6MS, EV 71.9 MPH)
|
|
Batting: LHB Marvin Parker
|
0-0: Ball 1-0: Called Strike 1-1: SINGLE (Line Drive, 78S, EV 95.0 MPH)
|
|
Batting: LHB Roberto Casasnovas
|
0-0: 2-RUN HOME RUN (Flyball, 9D, EV 106.9 MPH), Distance : 373 ft
|
|
Batting: SHB Mark Lemke
|
0-0: Ball 1-0: Called Strike 1-1: Foul Ball, location: 2F 1-2: Foul Ball, location: 2F 1-2: Ball 2-2: Ball 3-2: Strikes out swinging
|
| Bottom of the 4th over - 2 runs, 2 hits, 0 errors, 0 left on base; Medicine Hat 0 - Ogden 2 |
| TOP OF THE 5TH |
|
Medicine Hat Blue Jays batting - Pitching for Ogden Spikes : RHP Elias Guerrero
|
|
Batting: LHB Tom Reynolds
|
0-0: Swinging Strike 0-1: Swinging Strike 0-2: Ball 1-2: SOLO HOME RUN (Flyball, 78XD, EV 92.5 MPH), Distance : 434 ft
|
|
Batting: RHB Greg Legg
|
0-0: Ground out 5-3 (Groundball, 25, EV 85.0 MPH)
|
|
Batting: LHB Alberto Chino
|
0-0: Ball 1-0: Ball 2-0: Called Strike 2-1: Fly out, F8 (Line Drive, 8RD, EV 96.9 MPH)
|
|
Batting: RHB Terence Shoebridge
|
0-0: Swinging Strike 0-1: Foul Ball, location: 2F 0-2: Ball 1-2: SINGLE (Groundball, 6D, EV 97.5 MPH)
|
|
Batting: SHB Cordie Dillard
|
0-0: Ball 1-0: Fly out, F9 (Line Drive, 9, EV 103.1 MPH)
|
| Top of the 5th over - 1 run, 2 hits, 0 errors, 1 left on base; Medicine Hat 1 - Ogden 2 |
| BOTTOM OF THE 5TH |
|
Ogden Spikes batting - Pitching for Medicine Hat Blue Jays : RHP Erol Akchurin
|
|
Batting: RHB Terry Bell
|
0-0: Called Strike 0-1: Called Strike 0-2: SINGLE (Groundball, 56D, EV 101.9 MPH)
|
|
Batting: RHB Jeffrey Smith
|
0-0: Foul Ball, location: 2F 0-1: Called Strike 0-2: Ball 1-2: SINGLE (Groundball, 25, EV 75.6 MPH) (infield hit) Terry Bell to second
|
|
Batting: LHB Lenny Harris
|
0-0: Fly out, F8 (Flyball, 8RM, EV 86.9 MPH)
|
|
Batting: LHB Everett Graham
|
0-0: Ball 1-0: Foul Ball, location: 2F 1-1: Ground out 3-1 (Groundball, 34S, EV 81.9 MPH) Terry Bell to third Jeffrey Smith to second
|
|
Batting: RHB Jacob Brumfield
|
0-0: Called Strike 0-1: Foul Ball, location: 2F 0-2: Foul Ball, location: 2F 0-2: Foul Ball, location: 2F 0-2: Ball 1-2: Ball 2-2: Ball 3-2: Fly out, F8 (Flyball, 89XD, EV 96.9 MPH)
|
| Bottom of the 5th over - 0 runs, 2 hits, 0 errors, 2 left on base; Medicine Hat 1 - Ogden 2 |
| TOP OF THE 6TH |
|
Medicine Hat Blue Jays batting - Pitching for Ogden Spikes : RHP Elias Guerrero
|
|
Batting: SHB Manuel DelRosario
|
0-0: Ball 1-0: Foul Ball, location: 2F 1-1: Fly out, F6 (Popup, 6, EV 51.9 MPH)
|
|
Batting: LHB Kevin Bates
|
0-0: Ball 1-0: Ball 2-0: SINGLE (Line Drive, 8RS, EV 106.9 MPH)
|
|
Batting: RHB Burt Milley
|
0-0: Ball Kevin Bates is caught stealing 2nd base 2-4 1-0: Foul Ball, location: 2F 1-1: SINGLE (Line Drive, 6MD, EV 100.0 MPH)
|
|
Batting: LHB Jeffrey Wilson
|
0-0: Ball Burt Milley steals 2nd base 1-0: Called Strike 1-1: Foul Ball, location: 2F 1-2: Ground out 6-3 (Groundball, 6S, EV 86.9 MPH)
|
| Top of the 6th over - 0 runs, 2 hits, 0 errors, 1 left on base; Medicine Hat 1 - Ogden 2 |
| BOTTOM OF THE 6TH |
|
Ogden Spikes batting - Pitching for Medicine Hat Blue Jays : RHP Erol Akchurin
|
|
Batting: LHB Dave Vetsch
|
0-0: Called Strike 0-1: DOUBLE (Line Drive, 8LXD, EV 101.9 MPH)
|
|
Batting: LHB Marvin Parker
|
0-0: Ball 1-0: Foul Ball, location: 2F 1-1: Called Strike 1-2: Fly out, F3 (Flyball, 3D, EV 87.5 MPH)
|
|
Batting: LHB Roberto Casasnovas
|
0-0: Ball 1-0: Ball 2-0: Called Strike 2-1: Ball 3-1: Foul Ball, location: 2F 3-2: Base on Balls
|
|
Batting: SHB Mark Lemke
|
0-0: Foul Ball, location: 2F 0-1: Ball 1-1: Fielders Choice at 2nd, 4-6 (Groundball, 4MD, EV 86.9 MPH) Dave Vetsch to third
|
|
Batting: RHB Terry Bell
|
0-0: Called Strike 0-1: Ball 1-1: Ball 2-1: Fielders Choice at 2nd, 5-4 (Groundball, 56, EV 83.8 MPH)
|
| Bottom of the 6th over - 0 runs, 1 hit, 0 errors, 2 left on base; Medicine Hat 1 - Ogden 2 |
| TOP OF THE 7TH |
|
Medicine Hat Blue Jays batting - Pitching for Ogden Spikes : RHP Elias Guerrero
|
|
Batting: LHB Tom Reynolds
|
0-0: Ground out 4-3 (Groundball, 4, EV 78.1 MPH)
|
|
Batting: RHB Greg Legg
|
0-0: Fly out, F9 (Flyball, 89S, EV 89.4 MPH)
|
|
Batting: LHB Alberto Chino
|
0-0: Called Strike 0-1: Ball 1-1: Ball 2-1: Fly out, F7 (Flyball, 7S, EV 83.8 MPH)
|
| Top of the 7th over - 0 runs, 0 hits, 0 errors, 0 left on base; Medicine Hat 1 - Ogden 2 |
| BOTTOM OF THE 7TH |
|
Ogden Spikes batting - Pitching for Medicine Hat Blue Jays : RHP Erol Akchurin
|
|
Batting: RHB Jeffrey Smith
|
0-0: Foul Ball, location: 2F 0-1: Ball 1-1: Swinging Strike 1-2: Fly out, F8 (Flyball, 8LD, EV 85.0 MPH)
|
|
Batting: LHB Lenny Harris
|
0-0: Ground out 4-3 (Groundball, 4M, EV 108.1 MPH)
|
|
Batting: LHB Everett Graham
|
0-0: Called Strike 0-1: Foul Ball, location: 2F 0-2: Strikes out swinging
|
| Bottom of the 7th over - 0 runs, 0 hits, 0 errors, 0 left on base; Medicine Hat 1 - Ogden 2 |
| TOP OF THE 8TH |
|
Medicine Hat Blue Jays batting - Pitching for Ogden Spikes : RHP Elias Guerrero
|
|
Batting: RHB Terence Shoebridge
|
0-0: Fly out, F8 (Flyball, 8RD, EV 86.9 MPH)
|
|
Batting: SHB Cordie Dillard
|
0-0: Foul Ball, location: 2F 0-1: Foul Ball, location: 2F 0-2: Strikes out swinging
|
|
Batting: SHB Manuel DelRosario
|
0-0: Called Strike 0-1: Ground out 4-3 (Groundball, 4, EV 90.6 MPH)
|
| Top of the 8th over - 0 runs, 0 hits, 0 errors, 0 left on base; Medicine Hat 1 - Ogden 2 |
| BOTTOM OF THE 8TH |
|
Ogden Spikes batting - Pitching for Medicine Hat Blue Jays : RHP Erol Akchurin
|
|
Batting: RHB Jacob Brumfield
|
0-0: Ball 1-0: Ball 2-0: Called Strike 2-1: Foul Ball, location: 2F 2-2: Foul Ball, location: 2F 2-2: Ball 3-2: Ground out U3 (Groundball, 3S, EV 86.3 MPH)
|
|
Batting: LHB Dave Vetsch
|
0-0: Ball 1-0: Foul Ball, location: 2F 1-1: Ball 2-1: Called Strike 2-2: Ball 3-2: Base on Balls
|
|
Batting: LHB Marvin Parker
|
0-0: Called Strike 0-1: Fly out, F7 (Flyball, 78XD, EV 93.1 MPH)
|
|
Pitching: RHP Andrew Adams
|
|
|
Batting: LHB Roberto Casasnovas
|
0-0: Ball 1-0: Ball 2-0: Foul Ball, location: 2F 2-1: Ball 3-1: Base on Balls Dave Vetsch to second
|
|
Batting: SHB Mark Lemke
|
0-0: Ball 1-0: Ball 2-0: Ball 3-0: Called Strike 3-1: Base on Balls Dave Vetsch to third Roberto Casasnovas to second
|
|
Batting: RHB Terry Bell
|
0-0: Fly out, F8 (Flyball, 78D, EV 93.8 MPH)
|
| Bottom of the 8th over - 0 runs, 0 hits, 0 errors, 3 left on base; Medicine Hat 1 - Ogden 2 |
| TOP OF THE 9TH |
|
Medicine Hat Blue Jays batting - Pitching for Ogden Spikes : RHP Elias Guerrero
|
|
Batting: LHB Kevin Bates
|
0-0: Ball 1-0: Fly out, F3 (Line Drive, 3, EV 62.5 MPH)
|
|
Pinch Hitting: SHB Chris Gonzalez
|
0-0: DOUBLE (Flyball, 8RXD, EV 86.3 MPH)
|
|
Batting: LHB Jeffrey Wilson
|
0-0: Called Strike 0-1: Foul Ball, location: 2F 0-2: Ball 1-2: Ball 2-2: Ground out 4-3 (Groundball, 4, EV 100.6 MPH) Chris Gonzalez to third
|
|
Batting: LHB Tom Reynolds
|
0-0: Ball 1-0: Foul Ball, location: 2F 1-1: Foul Ball, location: 2F 1-2: Ball 2-2: Foul Ball, location: 2F 2-2: Fly out, F9 (Flyball, 9LM, EV 86.3 MPH)
|
| Top of the 9th over - 0 runs, 1 hit, 0 errors, 1 left on base; Medicine Hat 1 - Ogden 2 |
|